 Dungeon Crawl Stone Soup version 0.23.2-40-g277498a001 (webtiles) character file.

Game seed: 5314087084973669435

858409 GreyFruit the Conqueror (level 27, -1/199 HPs)
             Began as a Gargoyle Fighter on Aug 30, 2019.
             Was the Champion of Jiyva.
             Killed from afar by a Brimstone Fiend (37 damage)
             ... with damnation
             ... created by the effects of Hell
             ... on level 7 of Gehenna on Sept 4, 2019.
             The game lasted 06:01:12 (101835 turns).

GreyFruit the Conqueror (Gargoyle Fighter)        Turns: 101835, Time: 06:01:13

Health: -1/199     AC: 70    Str: 38    XL:     27
Magic:  0/41       EV: 28    Int: 11    God:    Jiyva [******]
Gold:   3497       SH: 24    Dex: 23    Spells: 55/55 levels left

rFire    + + +     SeeInvis .   X - +9 demon whip (elec)
rCold    + + .     Gourm    .   F - +2 shield of Resistance {rF+ rC+ MR+}
rNeg     + + +     Faith    .   o - +12 gold dragon scales
rPois    ∞         Spirit   +   Q - +2 helmet of Kaum Ino {rF- rN+++ MR++ Str+2 Dex-4}
rElec    +         Reflect  .   Y - scarf {Spirit}
rCorr    +         Harm     .   H - +0 pair of gloves "Otaeju" {rCorr Slay+2} (curse)
MR       +++++     Clarity  +   n - +2 pair of boots
Stlth    ..........             g - amulet of regeneration
HPRegen  0.83/turn              s - ring of Remugerch {rF+ rN+ Str+4 Int+3}
MPRegen  0.27/turn              E - ring "Olynn" {rF+ rN+ Str+7}

@: agile, flying
A: big wings, repulsion field 1, large bone plates 1, clarity, negative energy
resistance 1, electricity resistance, strong 2, wild magic 1, unbreathing, jelly
sensing items, petrification resistance, rot immunity, MP-powered wands, AC +20
}: 5/15 runes: barnacled, slimy, silver, abyssal, gossamer
a: Stop Flying, Request Jelly, Slimify, Cure Bad Mutation, Renounce Religion


You were on level 7 of Gehenna.
You worshipped Jiyva.
Jiyva was exalted by your worship.
You were completely stuffed.

You visited 15 branches of the dungeon, and saw 67 of its levels.
You visited the Abyss 2 times.
You also visited: Sewer.

You collected 8686 gold pieces.
You spent 5189 gold pieces at shops.

Inventory:

Hand Weapons
 d - the +9 heavy crossbow "Sniper" {velocity, Acc+∞ SInv}
   (You took it off a yaktaur on level 5 of the Vaults)

   Any bolt fired from it inflicts extra damage.
   It lets you see invisible.
 U - the +3 Elemental Staff {rElec rF++ rC++ MR++ AC+5}
   (You found it on level 7 of Gehenna)

   It affects your AC (+5).
   It greatly protects you from fire.
   It greatly protects you from cold.
   It insulates you from electricity.
   It affects your resistance to hostile enchantments.
 X - a +9 demon whip of electrocution (weapon)
Armour
 n - a +2 pair of boots (worn)
 o - +12 gold dragon scales (worn)
 F - the +2 shield of Resistance (worn) {rF+ rC+ MR+}
   (You bought it in a shop on level 2 of the Orcish Mines)

   It protects you from fire.
   It protects you from cold.
   It affects your resistance to hostile enchantments.
 H - the cursed +0 pair of gloves "Otaeju" (worn) {rCorr Slay+2}
   (You bought it in a shop on level 4 of the Vaults)

   It affects your accuracy and damage with ranged weapons and melee attacks
   (+2).
   It provides partial protection from all sources of acid and corrosion.
   It has a curse placed upon it.
 Q - the +2 helmet of Kaum Ino (worn) {rF- rN+++ MR++ Str+2 Dex-4}
   (You bought it in a shop on level 4 of the Vaults)

   It affects your strength (+2).
   It affects your dexterity (-4).
   It makes you vulnerable to fire.
   It renders you almost immune to negative energy.
   It affects your resistance to hostile enchantments.
 Y - a scarf of spirit shield (worn)
Jewellery
 g - an amulet of regeneration (around neck)
 s - the ring of Remugerch (left hand) {rF+ rN+ Str+4 Int+3}
   (You found it on level 5 of the Vaults)

   [ring of positive energy]

   It affects your strength (+4).
   It affects your intelligence (+3).
   It protects you from fire.
   It protects you from negative energy.
 E - the ring "Olynn" (right hand) {rF+ rN+ Str+7}
   (You bought it in a shop on level 4 of the Vaults)

   [ring of positive energy]

   It affects your strength (+7).
   It protects you from fire.
   It protects you from negative energy.
Wands
 a - a wand of acid (63)
 r - a wand of scattershot (11)
 t - a wand of flame (78)
 w - a wand of random effects (107)
 x - a wand of polymorph (20)
 y - a wand of digging (12)
 A - a wand of enslavement (25)
 C - a wand of iceblast (31)
 G - a wand of disintegration (22)
 O - a wand of clouds (12)
 S - a wand of paralysis (20)
Scrolls
 h - 26 scrolls of teleportation
 j - 14 scrolls of amnesia
 k - 30 scrolls of remove curse
 l - 3 scrolls of blinking
 m - 3 scrolls of silence
 p - 29 scrolls of identify
 q - a scroll of acquirement
 u - 6 scrolls of enchant weapon
 z - 12 scrolls of fog
 D - 9 scrolls of fear
 L - 6 scrolls of brand weapon
 V - 3 scrolls of holy word
 W - a scroll of enchant armour
Potions
 b - 17 potions of curing
 c - 8 potions of ambrosia
 e - 3 potions of magic
 v - a potion of agility
 B - 13 potions of haste
 I - 2 potions of berserk rage
 J - 7 potions of heal wounds
 K - 8 potions of brilliance
 M - 5 potions of invisibility
 N - a potion of mutation
 R - 5 potions of cancellation
 T - a potion of resistance
Miscellaneous
 i - the horn of Geryon (inert)
 P - a fan of gales (inert)
Comestibles
 f - 74 rations


   Skills:
 O Level 27 Fighting
 - Level 14.1 Maces & Flails
 O Level 27 Armour
 * Level 16.4 Dodging
 - Level 6.8 Stealth
 - Level 18.5 Shields
 + Level 0.9 Unarmed Combat
 * Level 14.5 Spellcasting
   Level 19.8 Invocations
 * Level 22.4 Evocations


You had 55 spell levels left.
You didn't know any spells.
Your spell library contained the following spells:

 Spells                   Type           Power        Failure   Level  Hunger
 Animate Skeleton         Necr           N/A          38%         1    None
 Apportation              Tloc           ##....       38%         1    None
 Beastly Appendage        Tmut           ##....       38%         1    None
 Confusing Touch          Hex            ##....       38%         1    None
 Corona                   Hex            ##.....      38%         1    None
 Flame Tongue             Conj/Fire      ##...        38%         1    None
 Freeze                   Ice            ##..         38%         1    None
 Infusion                 Chrm           ##..         38%         1    None
 Pain                     Necr           ##..         38%         1    None
 Sandblast                Erth           ##....       38%         1    None
 Shock                    Conj/Air       ##..         38%         1    None
 Sting                    Conj/Pois      ##..         38%         1    None
 Summon Small Mammal      Summ           ##..         38%         1    None
 Blink                    Tloc           N/A          52%         2    None
 Call Imp                 Summ           ##......     52%         2    None
 Corpse Rot               Necr           N/A          52%         2    None
 Ensorcelled Hibernation  Hex/Ice        ##....       52%         2    None
 Passwall                 Tmut/Erth      ##......     52%         2    None
 Poisonous Vapours        Pois/Air       ##....       52%         2    None
 Shroud of Golubria       Chrm/Tloc      ##........   52%         2    None
 Slow                     Hex            ##......     52%         2    None
 Song of Slaying          Chrm           ##......     52%         2    None
 Sticks to Snakes         Tmut           ##......     52%         2    None
 Swiftness                Chrm/Air       ##......     52%         2    None
 Throw Flame              Conj/Fire      ##....       52%         2    None
 Throw Frost              Conj/Ice       ##....       52%         2    None
 Call Canine Familiar     Summ           ##......     75%         3    None
 Confuse                  Hex            ##......     75%         3    None
 Conjure Flame            Conj/Fire      ##......     75%         3    None
 Dazzling Spray           Conj/Hex       ##....       75%         3    None
 Gell's Gravitas          Tloc           ##........   75%         3    None
 Ignite Poison            Fire/Tmut/Pois ##......     75%         3    None
 Inner Flame              Hex/Fire       ##......     75%         3    None
 Mephitic Cloud           Conj/Pois/Air  ##......     75%         3    None
 Portal Projectile        Hex/Tloc       ##....       75%         3    None
 Recall                   Summ/Tloc      N/A          75%         3    None
 Regeneration             Chrm/Necr      ##........   75%         3    None
 Spectral Weapon          Hex/Chrm       ##......     75%         3    None
 Spider Form              Tmut/Pois      ##........   75%         3    None
 Static Discharge         Conj/Air       ##......     75%         3    None
 Stone Arrow              Conj/Erth      ##....       75%         3    None
 Summon Guardian Golem    Hex/Summ       ##......     75%         3    None
 Tukima's Dance           Hex            ##......     75%         3    None
 Vampiric Draining        Necr           ##........   75%         3    None
 Airstrike                Air            ##........   98%         4    ###....
 Animate Dead             Necr           N/A          98%         4    ###....
 Cause Fear               Hex            ##........   98%         4    ###....
 Force Lance              Conj/Tloc      ##......     98%         4    ###....
 Ice Form                 Ice/Tmut       ##......     98%         4    ###....
 Leda's Liquefaction      Hex/Erth       ##........   98%         4    ###....
 Olgreb's Toxic Radiance  Pois           ##......     98%         4    ###....
 Passage of Golubria      Tloc           N/A          98%         4    ###....
 Petrify                  Tmut/Erth      ##......     98%         4    ###....
 Sticky Flame             Conj/Fire      ##......     98%         4    ###....
 Summon Ice Beast         Ice/Summ       ##......     98%         4    ###....
 Summon Lightning Spire   Summ/Air       ##......     98%         4    ###....
 Alistair's Intoxication  Tmut/Pois      ##......     100%        5    #####..
 Blade Hands              Tmut           ##........   100%        5    #####..
 Borgnjor's Vile Clutch   Necr/Erth      ##........   100%        5    #####..
 Excruciating Wounds      Chrm/Necr      ##........   100%        5    #####..
 Fireball                 Conj/Fire      ##........   100%        5    #####..
 Lee's Rapid Deconstruct  Erth           ##........   100%        5    #####..
 Lightning Bolt           Conj/Air       ##........   100%        5    #####..
 Metabolic Englaciation   Hex/Ice        ##........   100%        5    #####..
 Silence                  Hex/Air        ##........   100%        5    #####..
 Summon Forest            Summ/Tloc      ##........   100%        5    #####..
 Venom Bolt               Conj/Pois      ##........   100%        5    #####..
 Yara's Violent Unravell  Hex/Tmut       ##........   100%        5    #####..
 Bolt of Cold             Conj/Ice       ##........   100%        6    ######.
 Bolt of Fire             Conj/Fire      ##........   100%        6    ######.
 Conjure Ball Lightning   Conj/Air       ##........   100%        6    ######.
 Darkness                 Hex            ##........   100%        6    ######.
 Death Channel            Necr           ##........   100%        6    ######.
 Deflect Missiles         Chrm/Air       ##........   100%        6    ######.
 Freezing Cloud           Conj/Ice/Air   ##........   100%        6    ######.
 Hydra Form               Tmut           ##........   100%        6    ######.
 Invisibility             Hex            ##......     100%        6    ######.
 Ozocubu's Refrigeration  Ice            ##........   100%        6    ######.
 Simulacrum               Ice/Necr       ##........   100%        6    ######.
 Haunt                    Necr/Summ      ##........   100%        7    #######
 Malign Gateway           Summ/Tloc      ##........   100%        7    #######
 Ring of Flames           Chrm/Fire      ##........   100%        7    #######
 Spellforged Servitor     Conj/Summ      ##........   100%        7    #######
 Summon Hydra             Summ           ##........   100%        7    #######
 Borgnjor's Revivificati  Necr           ##........   100%        8    #######
 Death's Door             Chrm/Necr      ##........   100%        8    #######
 Ignition                 Fire           ##........   100%        8    #######
 Infestation              Necr           ##........   100%        8    #######
 Necromutation            Tmut/Necr      ##........   100%        8    #######
 Shatter                  Erth           ##........   100%        9    #######
 Tornado                  Air            ##........   100%        9    #######


Dungeon Overview and Level Annotations

Branches:
Dungeon (15/15)            Temple (1/1) D:7            Lair (6/6) D:8
 Shoals (4/4) Lair:2       Spider (4/4) Lair:4        Slime (5/5) Lair:6
    Orc (2/2) D:12            Elf (3/3) Orc:2        Vaults (5/5) D:14
  Crypt (3/3) Vaults:2       Tomb (1/3) Crypt:3      Depths (5/5) D:15
   Hell (1/1)                 Dis (0/7) Hell            Geh (7/7) Hell
    Coc (0/7) Hell            Tar (0/7) Hell            Zot (5/5) Depths:5

Altars:
Ashenzari
Cheibriados
Dithmenos
Elyvilon
Fedhas
Gozag
Hepliaklqana
Kikubaaqudgha
Makhleb
Nemelex Xobeh
Okawaru
Qazlal
Ru
Sif Muna
Trog
Uskayaw
Vehumet
Wu Jian
Xom
Yredelemnul
Zin
The Shining One
Beogh
Jiyva

Shops:
D:5 }   D:8 %   D:12 }   D:15 =   Orc:1 *   Orc:2 :[*(   Elf:3 (   Vaults:3 =
Vaults:4 =[   Vaults:5 *

Portals:
Hell: Depths:1 Depths:2 Depths:3 Depths:4 Depths:5
Abyss: Depths:2 Depths:4
Pandemonium: Depths:1 Depths:2 Depths:3
Ziggurat: Depths:3
Trove: Vaults:3 (give 2 scrolls of acquirement)

Annotations:
Slime:5 Royal Jelly
Geh:7 Asmodeus


Innate Abilities, Weirdness & Mutations

You are resistant to torment.
Your stone body is resilient. (AC +20)
You are immune to poison.
Your large and strong wings let you fly indefinitely.
You resist negative energy. (rN+)
You are resistant to electric shocks. (rElec)
You can survive without breathing.
You are immune to petrification.
You are immune to rotting.
You are surrounded by a mild repulsion field. (EV +2)
You are partially covered in large bone plates. (SH +4)
You possess an exceptional clarity of mind.
Your muscles are very strong. (Str +4)
Your spells are a little harder to cast, but a little more powerful.
You have a small jelly attached to you that senses nearby items.
You expend magic power (3 MP) to strengthen your wands.


Message History

You feel lost and a long, long way from home...
A Brimstone Fiend comes into view.
There is a large open door here.
The Brimstone Fiend gestures at you.
The sphere of damnation explodes!
The damnation engulfs you!!!
Your magical contamination has completely faded away.
The Brimstone Fiend gestures at you.
The sphere of damnation explodes!
The damnation engulfs you! The Brimstone Fiend gestures at you.
The sphere of damnation explodes!
The damnation engulfs you!! The Brimstone Fiend gestures at you.
The sphere of damnation explodes!
The damnation engulfs you!!
Unknown command.
The Brimstone Fiend gestures at you.
The sphere of damnation explodes!
The damnation engulfs you!!!
* * * LOW HITPOINT WARNING * * *
There is a gateway to Hell here.
The Brimstone Fiend gestures at you.
The sphere of damnation explodes!
The damnation engulfs you!!!
You die...

≈§§§§≈≈≈§§≈≈≈°○§≈§≈≈≈≈≈≈≈§§§.....
§§§§.≈§§≈≈§≈≈☼§&1≈§§§≈≈≈§...≈...§
§§...≈≈§§≈≈§§≈§§○§§≈≈≈≈≈≈≈§......
.....≈§≈..≈.≈≈≈.§≈§§§≈.≈§........
.....)...........≈§≈.............
.................§§.§............
.................................
............................)....
...........∩.∩..@.∩..............
.............§§.........^...)..§.
§......§..§.§.§§..............≈..
§≈.≈..≈≈≈§≈≈§§§§........§§.§..§§≈
§§§.§≈§≈≈§§≈≈§§.§§≈.≈§.§§§≈.≈≈§≈≈
≈≈§§§§≈≈≈§≈§§≈≈§≈§≈≈≈§§§≈≈≈≈≈≈≈§≈
#################################


You could see Asmodeus and a Brimstone Fiend.

Vanquished Creatures
  5 ancient liches
  Khufu (Crypt:3)
  9 orbs of fire
  A juggernaut (Depths:1)
  3 greater mummies
  4 Killer Klowns
  5 shard shrikes
  Frederick (Depths:3)
  Geryon (Hell)
  Xtahua (Vaults:2)
  9 golden dragons
  A profane servitor (Crypt:3)
  5 bone dragons
  Jory (Crypt:3)
  14 liches
  4 electric golems
  Arachne (Spider:3)
  38 Brimstone Fiends
  17 tentacled monstrosities
  24 Orb Guardians
  Jorgrun (Spider:2)
  The ghost of Uwaunt the Geomancer, an adept GrEE of Ashenzari (Shoals:2)
  Asterion (Spider:2)
  3 deep elf blademasters
  5 titans
  2 Ice Fiends (Geh:5)
  5 quicksilver dragons
  Gastronok (D:9)
  Polyphemus (Shoals:4)
  4 ancient champions
  A deep elf master archer (Elf:3)
  12 sphinxes
  19 acid blobs
  3 eldritch tentacles
  A quicksilver dragon (shapeshifter) (D:14)
  13 death cobs
  3 tentacled starspawn (Abyss:3)
  The ghost of NeAGen181 the Warrior, an adept HOFi of Beogh (Spider:4)
  10 tengu reavers
  Kirke (Spider:1)
  36 storm dragons
  3 draconian monks (Zot:3)
  Agnes (Elf:2)
  8 shadow dragons
  Donald (Vaults:2)
  4 revenants
  Roxanne (Spider:1)
  17 fire giants
  12 vault wardens
  Aizul (Lair:2)
  5 draconian knights
  9 azure jellies
  14 frost giants
  A daeva (Abyss:3)
  5 draconian scorchers
  9 ghost moths
  2 deep elf sorcerers
  Louise (Lair:2)
  16 balrugs
  11 iron dragons
  8 draconian shifters
  7 deep elf elementalists
  An orc warlord (Orc:1)
  10 ironheart preservers
  A curse skull (Vaults:2)
  8 emperor scorpions
  7 ghouls
  2 draconian stormcallers
  19 very ugly things
  The ghost of Magireb the Swashbuckler, an adept VSGl of Uskayaw (Depths:1)
  3 war gargoyles
  13 stone giants
  7 draconian annihilators
  17 reapers
  4 entropy weavers
  7 green draconians
  6 deep elf demonologists
  13 vampire knights
  2 bennus (Crypt:3)
  11 purple draconians
  8 white draconians
  9 spark wasps
  Nessos (Orc:1)
  12 black draconians
  5 deep elf annihilators
  8 dire elephants
  3 minotaurs
  9 yellow draconians
  Snorg (D:14)
  7 red draconians
  3 blizzard demons (Hell)
  10 deep elf death magi
  2 eidola
  7 merfolk javelineers
  A green death (Depths:3)
  13 fire dragons
  18 jiangshi
  15 ettins
  5 death oozes
  14 yaktaur captains
  8 deep elf high priests (Elf:3)
  10 mummy priests (Tomb:1)
  Josephine (Lair:5)
  6 merfolk impalers
  15 ogre magi
  2 crystal guardians
  A quicksilver dragon zombie (Geh:1)
  32 vault guards
  18 great orbs of eyes
  A kraken zombie (Hell)
  6 rakshasas
  4 quicksilver dragon skeletons
  A juggernaut simulacrum (Depths:1)
  8 hydras
  An anaconda (shapeshifter) (Depths:3)
  A spriggan air mage (Depths:1)
  16 ice dragons
  A catoblepas (shapeshifter) (Vaults:2)
  5 merfolk avatars
  12 centaur warriors
  6 death knights
  4 catoblepae
  An alligator snapping turtle (Shoals:2)
  39 two-headed ogres
  4 tengu warriors
  33 dancing weapons
  11 merfolk aquamancers
  A thrashing horror (Abyss:3)
  8 deep troll shamans
  5 satyrs
  28 hell hogs
  Urug (D:13)
  7 deep troll earth magi
  13 vampire magi
  11 death yaks
  4 titan zombies
  7 orc high priests
  49 hell knights
  5 soul eaters
  23 sun demons
  2 iron golems (Hell)
  Nergalle (Lair:1)
  4 iron trolls
  4 salamander mystics
  4 storm dragon zombies
  2 shadow wraiths
  35 skeletal warriors
  4 titan skeletons
  7 storm dragon skeletons
  A wretched star (Abyss:3)
  A fire crab (shapeshifter) (Vaults:5)
  22 deep elf knights
  15 small abominations
  An infernal demonspawn (Depths:3)
  2 golden dragon zombies
  A spatial maelstrom (Abyss:4)
  25 deep trolls
  3 anaconda zombies
  6 unseen horrors
  14 flayed ghosts
  A deep troll (shapeshifter) (Vaults:4)
  2 wizards
  2 golden dragon skeletons
  An iron giant skeleton (Crypt:1)
  7 glowing orange brains
  24 sea snakes
  A shadow demon (Abyss:3)
  An orange crystal statue (Zot:5)
  15 deep elf archers
  The ghost of MrTry the Cleaver, a novice MiFi of Qazlal (D:7)
  6 anaconda skeletons
  20 orb spiders
  10 phantasmal warriors
  21 necromancers
  45 wolf spiders
  5 shadow dragon zombies
  14 ironbrand convokers
  52 deep elf magi
  A wolf spider (shapeshifter) (Vaults:3)
  6 wolf spider zombies
  2 iron dragon zombies
  A mana viper (Abyss:3)
  17 orc knights
  5 shadow dragon skeletons
  41 ugly things
  11 cyclopes
  34 harpies
  4 oklob plants (Lair:1)
  5 frost giant zombies
  12 fauns
  2 elephants
  6 orc sorcerers
  7 shining eyes
  14 manticores
  3 fire giant zombies
  27 moths of wrath
  A cyclops (shapeshifter) (Vaults:3)
  9 salamanders (Depths:4)
  A salamander (shapeshifter) (D:15)
  9 stone giant zombies
  5 iron dragon skeletons
  A shock serpent zombie (Geh:6)
  Maurice (D:11)
  A worldbinder (Abyss:3)
  7 fire giant skeletons
  2 water nymphs (shapeshifter)
  6 frost giant skeletons
  4 black mambas
  3 dire elephant zombies
  9 stone giant skeletons
  8 smoke demons
  17 vault sentinels
  An apocalypse crab (Abyss:3)
  11 merfolk sirens
  8 water nymphs
  A guardian serpent (shapeshifter) (D:14)
  10 molten gargoyles
  8 rust devils
  5 eyes of devastation
  2 gargoyles
  3 torpor snails
  12 spiny frogs
  26 hellions
  3 dire elephant skeletons
  8 large abominations
  13 komodo dragons
  18 demonic crawlers
  5 rime drakes
  13 freezing wraiths
  2 hellwings (Depths:3)
  A pale draconian zombie (Crypt:1)
  10 tormentors
  46 yaktaurs
  8 guardian mummies
  10 efreet
  3 ancient zymes (Abyss:3)
  2 tengu conjurers
  2 hydra zombies
  2 harpy zombies
  29 merfolk
  35 red devils
  2 jumping spiders (shapeshifter)
  31 jumping spiders
  A polar bear (shapeshifter) (Depths:1)
  A tengu simulacrum (Vaults:2)
  12 trolls
  A meliai (shapeshifter) (Depths:2)
  7 wind drakes
  13 hornets
  Prince Ribbit (D:9)
  A hydra skeleton (Crypt:1)
  A queen bee (shapeshifter) (Vaults:5)
  6 polar bears
  116 slime creatures
  A blink frog (shapeshifter) (Abyss:3)
  6 ettin zombies
  8 raiju (Abyss:3)
  A hippogriff (shapeshifter) (Depths:2)
  13 hippogriffs
  4 fire dragon zombies
  9 blink frogs (Lair:2)
  12 snapping turtles
  3 bog bodies
  A dream sheep (shapeshifter) (Depths:5)
  A snapping turtle (shapeshifter) (Vaults:3)
  3 harpy skeletons
  11 dream sheep
  A guardian serpent skeleton (Crypt:1)
  An alligator zombie (Hell)
  A fire dragon skeleton (Geh:5)
  27 shadows
  3 vampires
  A centaur simulacrum (D:15)
  4 black mamba zombies
  3 air elementals
  125 flying skulls
  24 water elementals
  8 ushabtiu
  An elf zombie (Vaults:5)
  91 redbacks
  42 yaks
  5 ettin skeletons
  43 wraiths
  3 wyverns (Lair:6)
  A redback (shapeshifter) (Vaults:3)
  34 tarantellas
  Sigmund (D:2)
  49 fire elementals
  A human (shapeshifter) (Vaults:1)
  A yak (shapeshifter) (Depths:2)
  7 ice dragon skeletons
  An alligator skeleton (Geh:7)
  4 basilisks
  5 hogs
  2 black mamba skeletons
  3 hungry ghosts
  4 fire bats (Geh:1)
  17 golden eyes
  2 chaos spawn
  A spatial vortex (Abyss:4)
  An infernal demonspawn zombie (Crypt:2)
  A spectral snapping turtle (Crypt:3)
  3 acid dragons
  17 water moccasins
  11 wargs
  2 soldier ants
  37 hell hounds
  9 sky beasts
  4 ice beasts
  Purgy (Sewer)
  2 floating eyes
  15 porcupines
  58 orc warriors
  A black bear (shapeshifter) (Depths:1)
  A hornet zombie (D:7)
  6 phantoms
  4 spiny frog skeletons
  A dream sheep zombie (Crypt:2)
  23 necrophages
  31 ogres
  4 snapping turtle zombies
  2 swamp dragon zombies
  15 centaurs
  An alligator simulacrum (Hell)
  2 manticore zombies
  8 eyes of draining
  5 boggarts (Vaults:1)
  10 wolves
  3 manticore skeletons
  13 crocodiles
  3 elf skeletons
  4 snapping turtle skeletons
  2 swamp dragon skeletons
  17 big kobolds
  A draconian zombie (Crypt:2)
  6 human zombies
  22 bullfrogs
  A spiny frog simulacrum (Hell)
  3 gnoll sergeants (D:12)
  8 scorpions
  12 killer bees
  A spriggan zombie (Geh:4)
  60 wights
  A troll skeleton (Geh:1)
  3 howler monkeys (D:8)
  2 centaur zombies
  A wolf skeleton (Crypt:1)
  13 crimson imps
  15 jellies
  5 hounds
  28 orc wizards
  3 quasits
  6 centaur skeletons
  2 human skeletons
  12 orc priests
  A bullfrog skeleton (D:10)
  5 iron imps
  3 iguanas
  4 hell rats (Lair:3)
  13 worker ants
  2 tengu zombies
  2 ogre zombies (Geh:5)
  A tengu skeleton (Crypt:2)
  A dwarf skeleton (Crypt:1)
  A hound zombie (D:6)
  21 mummies
  12 gnolls
  A howler monkey skeleton (D:5)
  A river rat (D:3)
  12 adders
  2 shadow imps
  A white imp (Depths:3)
  An ufetubus (Depths:3)
  19 oozes
  2 adder skeletons (D:9)
  2 worms
  5 leopard geckos
  87 orcs
  4 bats
  9 giant cockroaches
  4 goblins
  7 hobgoblins
  20 jackals
  27 kobolds
  5 quokkas
  2 ball pythons (D:3)
  6 frilled lizards
  A hobgoblin zombie (Crypt:2)
  2 leopard gecko skeletons
  A leopard gecko zombie (Crypt:1)
  An orc skeleton (Geh:7)
  7 rats
  2 crawling corpses (Elf:3)
  2 lurking horrors (Abyss:3)
  A tentacle (Hell)
3662 creatures vanquished.

Vanquished Creatures (collateral kills)
  A sun demon (Geh:5)
1 creature vanquished.

Vanquished Creatures (others)
  A lich (Geh:7)
  An Orb Guardian (Zot:5)
  A titan (Depths:1)
  An eldritch tentacle (Geh:4)
  2 fire giants
  2 draconian knights
  A ghost moth (shapeshifter) (Vaults:3)
  A vampire knight (Crypt:3)
  A great orb of eyes (Vaults:1)
  A merfolk aquamancer (Shoals:4)
  2 glowing orange brains (Abyss:3)
  2 two-headed ogres (Vaults:1)
  A satyr (Shoals:2)
  A deep elf knight (Elf:2)
  A shadow wraith (Vaults:3)
  A ghost moth zombie (Geh:3)
  A golden dragon skeleton (Geh:7)
  A necromancer (Geh:6)
  An orc knight (Vaults:1)
  2 deep elf magi
  A wizard (D:3)
  A fire giant zombie (Geh:5)
  A shining eye (Abyss:3)
  A shock serpent zombie (Geh:7)
  An elephant (Abyss:4)
  A cyclops (Abyss:3)
  A hellion (Geh:7)
  A jumping spider (Spider:2)
  A hydra skeleton (Hell)
  4 shadows
  A golden eye (Abyss:3)
  A large abomination (Abyss:4)
  3 orc warriors
  2 eyes of draining (Abyss:3)
  2 necrophages
  A boggart (Vaults:1)
  A centaur (Shoals:1)
  A manticore skeleton (Geh:4)
  A big kobold (D:7)
  A water moccasin skeleton (Crypt:2)
  A warg zombie (Crypt:1)
  4 wights
  2 crimson imps (Geh:7)
  146 jellies
  A quasit (Abyss:3)
  2 orc wizards
  3 mummies (Tomb:1)
  An ufetubus (Abyss:3)
  2 orcs
  11 fungi
  A lurking horror (Abyss:3)
  14 plants
  6 starspawn tentacles (Abyss:3)
  5 tentacles (Hell)
  A withered plant (Spider:4)
252 creatures vanquished.

Grand Total: 3915 creatures vanquished

Notes
Turn   | Place    | Note
-------+----------+-------------------------------------------
     0 | D:1      | GreyFruit the Gargoyle Fighter began the quest for the Orb.
     0 | D:1      | Reached XP level 1. HP: 14/14 MP: 1/1
   120 | D:1      | Reached XP level 2. HP: 19/19 MP: 2/2
   576 | D:1      | Reached XP level 3. HP: 23/23 MP: 3/3
  1031 | D:2      | Found an ancient bone altar of Kikubaaqudgha.
  1042 | D:2      | Noticed Sigmund
  1075 | D:2      | Killed Sigmund
  1075 | D:2      | Reached XP level 4. HP: 19/29 MP: 4/4
  1075 | D:2      | Reached XP level 5. HP: 22/33 MP: 5/5
  1175 | D:2      | Found a sparkling altar of Nemelex Xobeh.
  1244 | D:2      | Found a shadowy altar of Dithmenos.
  1414 | D:2      | Found a shimmering altar of Xom.
  1480 | D:3      | Found a glowing silver altar of Zin.
  1480 | D:3      | Found a glowing golden altar of the Shining One.
  1480 | D:3      | Found a radiant altar of Vehumet.
  1540 | D:3      | Found a stormy altar of Qazlal.
  1544 | D:3      | Found a blossoming altar of Fedhas.
  1552 | D:3      | Became a worshipper of Qazlal Stormbringer
  1720 | D:3      | Reached skill level 5 in Shields
  1720 | D:3      | Reached XP level 6. HP: 38/38 MP: 6/6
  1958 | D:3      | Found a glowing drain.
  1997 | Sewer    | Entered a sewer
  2009 | Sewer    | Reached * piety under Qazlal
  2063 | Sewer    | Noticed Purgy
  2102 | Sewer    | Killed Purgy
  2333 | D:3      | Found a bloodstained altar of Trog.
  2334 | D:3      | Noticed a wizard
  2339 | D:3      | Killed a wizard
  2653 | D:4      | Reached XP level 7. HP: 44/44 MP: 7/7
  2742 | D:4      | Reached ** piety under Qazlal
  2742 | D:4      | Reached skill level 5 in Maces & Flails
  2965 | D:4      | Found an iron altar of Okawaru.
  3132 | D:5      | Entered Level 5 of the Dungeon
  3181 | D:5      | Found Jexeu's Gadget Shoppe.
  3196 | D:5      | Found a bloodstained altar of Trog.
  3251 | D:5      | Gained mutation: You possess an exceptional clarity of
                  | mind. [potion of mutation]
  3251 | D:5      | Gained mutation: Your muscles are strong. (Str +2) [potion
                  | of mutation]
  3271 | D:5      | Reached XP level 8. HP: 43/48 MP: 8/8
  3454 | D:5      | Reached skill level 5 in Fighting
  3503 | D:5      | Noticed a two-headed ogre
  4027 | D:6      | Found a snail-covered altar of Cheibriados.
  4368 | D:6      | Found a deep blue altar of Sif Muna.
  4441 | D:6      | Noticed a slime creature
  4461 | D:6      | Killed a slime creature
  4461 | D:6      | Reached skill level 5 in Armour
  4461 | D:6      | Reached XP level 9. HP: 45/54 MP: 9/9
  4841 | D:6      | Reached *** piety under Qazlal
  4939 | D:7      | Found a radiant altar of Vehumet.
  4982 | D:7      | Got an ichor-stained scale mail
  4993 | D:7      | Identified the +2 scale mail of Melancholy {rC+} (You found
                  | it on level 7 of the Dungeon)
  5296 | D:7      | Found a staircase to the Ecumenical Temple.
  5462 | D:7      | Found a runed translucent gate.
  5465 | D:7      | Found a runed translucent gate.
  5466 | D:7      | Noticed MrTry's ghost (novice MiFi)
  5488 | D:7      | Found a runed translucent gate.
  5489 | D:7      | Identified the +5 trident "Arcanum" {drain, *Drain +Rage
                  | MR+ MP+9}
  5489 | D:7      | Identified the cursed +1 whip of True Grit {chaos, Str+4
                  | Dex-4 SInv}
  5885 | D:7      | Killed MrTry's ghost
  5885 | D:7      | Reached XP level 10. HP: 59/60 MP: 10/10
  6158 | D:8      | Reached **** piety under Qazlal
  6267 | D:8      | Reached skill level 10 in Maces & Flails
  6344 | D:8      | Reached skill level 10 in Shields
  6491 | D:8      | Reached skill level 1 in Stealth
  6683 | D:8      | Found Dagisten's Food Shoppe.
  6724 | D:8      | Got a bronze scale mail
  6735 | D:8      | Identified the cursed +0 scale mail "Suesimen" {rElec MR+
                  | Str-4 Int+4} (You found it on level 8 of the Dungeon)
  6929 | D:8      | Found a staircase to the Lair.
  7087 | D:9      | Noticed Prince Ribbit
  7108 | D:9      | Killed Prince Ribbit
  7324 | D:9      | Noticed Gastronok
  7358 | D:9      | Killed Gastronok
  7358 | D:9      | Reached XP level 11. HP: 67/67 MP: 11/11
  7458 | D:9      | Reached skill level 5 in Stealth
  7464 | D:9      | Reached ***** piety under Qazlal
  7672 | D:9      | Got a polished whip
  7677 | D:9      | Identified the +7 whip of Xinwot {freeze, Str+2} (You found
                  | it on level 9 of the Dungeon)
  7921 | D:9      | Noticed a two-headed ogre
  7930 | D:9      | Killed a two-headed ogre
  8078 | D:10     | Entered Level 10 of the Dungeon
  8172 | D:10     | Noticed a two-headed ogre
  8180 | D:10     | Killed a two-headed ogre
  8845 | D:11     | Noticed Maurice
  8859 | D:11     | Killed Maurice
  8899 | D:11     | Reached XP level 12. HP: 70/74 MP: 12/12
  9224 | D:11     | Noticed a seven-headed hydra
  9235 | D:11     | Killed a seven-headed hydra
  9583 | D:12     | Found Diemmeos's Gadget Boutique.
  9857 | D:12     | Found a staircase to the Orcish Mines.
  9883 | D:12     | Reached ****** piety under Qazlal
 10105 | D:13     | Noticed Urug
 10134 | D:13     | Killed Urug
 10212 | D:13     | Noticed a centaur warrior
 10225 | D:13     | Killed a centaur warrior
 10363 | D:13     | Reached XP level 13. HP: 70/80 MP: 13/13
 11014 | Lair:1   | Entered Level 1 of the Lair of Beasts
 11146 | Lair:1   | Noticed Nergalle
 11158 | Lair:1   | Reached skill level 10 in Fighting
 11172 | Lair:1   | Killed Nergalle
 11623 | Lair:2   | Reached skill level 15 in Shields
 11713 | Lair:2   | Found a staircase to the Shoals.
 12662 | Lair:3   | Gained mutation: Your large and strong wings let you fly
                  | indefinitely. [Gargoyle growth]
 12662 | Lair:3   | Reached XP level 14. HP: 85/88 MP: 14/14
 13583 | Lair:4   | Found a hole to the Spider Nest.
 13921 | Lair:5   | Noticed Josephine
 13936 | Lair:5   | Killed Josephine
 14798 | Lair:6   | Entered Level 6 of the Lair of Beasts
 15448 | Lair:5   | Reached XP level 15. HP: 87/95 MP: 15/15
 15573 | Lair:6   | Reached skill level 10 in Armour
 15851 | Lair:6   | Found a staircase to the Slime Pits.
 16346 | Orc:1    | Entered Level 1 of the Orcish Mines
 16696 | Orc:1    | Paralysed by an orc sorcerer for 7 turns
 16835 | Orc:1    | Found a roughly hewn altar of Beogh.
 17011 | Orc:2    | Entered Level 2 of the Orcish Mines
 17014 | Orc:2    | Found Tiapne's General Store.
 17124 | Orc:2    | Noticed an orc warlord
 17189 | Orc:1    | Killed an orc warlord
 17262 | Orc:2    | Noticed Nessos
 17286 | Orc:1    | Killed Nessos
 17626 | Orc:2    | Found a staircase to the Elven Halls.
 17648 | Orc:2    | Found Isud's Antique Armour Emporium.
 17658 | Orc:2    | Bought the +2 shield of Resistance {rF+ rC+ MR+} for 1150
                  | gold pieces
 17658 | Orc:2    | Found the +2 shield of Resistance {rF+ rC+ MR+}
 17732 | Orc:2    | Found Fiemir's Book Boutique.
 17959 | Orc:2    | Found Buely's Antique Weapon Emporium.
 18152 | Orc:1    | Found Upariq's Assorted Antiques.
 18614 | D:14     | Noticed Snorg
 18640 | D:14     | Killed Snorg
 18778 | D:14     | Found a gate to the Vaults.
 18851 | D:14     | Found a blossoming altar of Fedhas.
 19411 | D:15     | Entered Level 15 of the Dungeon
 19555 | D:15     | Noticed a storm dragon
 19555 | D:15     | a dire elephant changed into a storm dragon
 19559 | D:15     | a storm dragon changed into an entropy weaver
 19610 | D:14     | Noticed a storm dragon
 19610 | D:14     | an entropy weaver changed into a storm dragon
 19613 | D:14     | a storm dragon changed into a death yak
 19615 | D:14     | Noticed a sphinx
 19615 | D:14     | a death yak changed into a sphinx
 19622 | D:14     | Reached XP level 16. HP: 82/104 MP: 16/16
 19631 | D:14     | Noticed a shadow dragon
 19631 | D:14     | a sphinx changed into a shadow dragon
 19637 | D:14     | Noticed an iron giant
 19637 | D:14     | a shadow dragon changed into an iron giant
 19643 | D:14     | Noticed a quicksilver dragon
 19643 | D:14     | an iron giant changed into a quicksilver dragon
 19655 | D:14     | Killed a quicksilver dragon
 20000 | D:15     | Found a staircase to the Depths.
 20210 | D:15     | Found Bifuinur's Jewellery Shop.
 20669 | Elf:1    | Entered Level 1 of the Elven Halls
 20880 | Elf:1    | Reached skill level 15 in Fighting
 20936 | Elf:1    | Identified the Disquisition on Summoning
 22270 | Elf:2    | Found a runed translucent gate.
 22270 | Elf:2    | Found a runed translucent gate.
 22271 | Elf:2    | Found a runed translucent gate.
 22455 | Elf:2    | Reached XP level 17. HP: 106/115 MP: 17/17
 22555 | Elf:2    | Noticed Agnes
 22586 | Elf:2    | Killed Agnes
 22603 | Elf:2    | Noticed a deep elf blademaster
 22688 | Elf:1    | Killed a deep elf blademaster
 23400 | Shoals:1 | Entered Level 1 of the Shoals
 23510 | Shoals:1 | Noticed Louise
 23589 | Lair:2   | Killed Louise
 23646 | Shoals:1 | Noticed Aizul
 23767 | Lair:2   | Killed Aizul
 24144 | Lair:1   | Identified the Reference Book on the Traveller and the
                  | Birds
 25786 | Shoals:2 | Reached skill level 1 in Invocations
 25803 | Shoals:2 | Reached skill level 1 in Evocations
 26119 | Shoals:2 | Found a runed translucent door.
 26119 | Shoals:2 | Found a shimmering altar of Xom.
 26119 | Shoals:2 | Noticed Uwaunt's ghost (adept GrEE)
 26373 | Shoals:2 | Reached XP level 18. HP: 125/125 MP: 19/19
 26751 | Shoals:2 | Reached skill level 15 in Armour
 28206 | Shoals:4 | Entered Level 4 of the Shoals
 28207 | Shoals:4 | Noticed Polyphemus
 28488 | Shoals:4 | Killed Polyphemus
 28679 | Shoals:4 | Identified the +7 battleaxe "Zeis Lolihe" {chop, rF+}
 28746 | Shoals:4 | Reached skill level 5 in Invocations
 29202 | Shoals:4 | Reached XP level 19. HP: 132/132 MP: 23/23
 29706 | Shoals:4 | Got a fine pewter ring
 29708 | Shoals:4 | Identified the ring "Fibesupi" {*Slow rElec Dex+3 SInv
                  | Stlth+} (You found it on level 4 of the Shoals)
 29837 | Shoals:4 | Got a barnacled rune of Zot
 30071 | Spider:1 | Entered Level 1 of the Spider Nest
 30331 | Spider:1 | Reached skill level 5 in Evocations
 30381 | Spider:1 | Noticed Kirke
 30384 | Spider:1 | Noticed Roxanne
 30526 | Spider:1 | Killed Kirke
 30866 | Spider:1 | Killed Roxanne
 30866 | Spider:1 | Reached skill level 1 in Dodging
 31390 | Spider:2 | Noticed Asterion
 31428 | Spider:2 | Killed Asterion
 32378 | Spider:3 | Noticed Jorgrun
 32545 | Spider:2 | Killed Jorgrun
 32864 | Spider:3 | Found a runed translucent door.
 33180 | Spider:4 | Entered Level 4 of the Spider Nest
 33193 | Spider:4 | Noticed Arachne
 33323 | Spider:3 | Killed Arachne
 33533 | Spider:3 | Reached XP level 20. HP: 140/140 MP: 24/26
 34086 | Spider:4 | Got a smoking brass ring
 34089 | Spider:4 | Identified the ring "Qonlocon" {rCorr rN+} (You found it on
                  | level 4 of the Spider Nest)
 34619 | Spider:4 | Found a runed translucent door.
 34620 | Spider:4 | Noticed NeAGen181's ghost (adept HOFi)
 34794 | Spider:4 | Killed NeAGen181's ghost
 35057 | Spider:4 | Got a gossamer rune of Zot
 35425 | Vaults:1 | Entered Level 1 of the Vaults
 37109 | Vaults:1 | Reached XP level 21. HP: 148/148 MP: 28/28
 37962 | Vaults:2 | Noticed Donald
 37994 | Vaults:2 | Killed Donald
 37994 | Vaults:2 | Reached skill level 10 in Invocations
 38374 | Vaults:2 | Paralysed by a sphinx for 5 turns
 38690 | Vaults:2 | Found a staircase to the Crypt.
 39004 | Vaults:2 | Noticed Xtahua
 39253 | Vaults:2 | Killed Xtahua
 40708 | Vaults:3 | Reached XP level 22. HP: 134/158 MP: 30/30
 41158 | Vaults:3 | Found Fecwuyh's Jewellery Shop.
 41828 | Vaults:3 | Found a portal to a secret trove of treasure.
 42349 | Vaults:4 | Found Jyll's Armour Boutique.
 42709 | Vaults:4 | Bought the +2 helmet of Kaum Ino {rF- rN+++ MR++ Str+2
                  | Dex-4} for 833 gold pieces
 42725 | Vaults:4 | Bought the cursed +0 pair of gloves "Otaeju" {rCorr Slay+2}
                  | for 472 gold pieces
 43164 | Vaults:4 | Found Rog Upyrr's Jewellery Shop.
 43678 | Vaults:5 | Entered Level 5 of the Vaults
 43820 | Vaults:4 | Cast into level 3 of the Abyss (vault guard)
 43820 | Abyss:3  | Found a corrupted altar of Lugonu.
 43837 | Vaults:4 | Escaped the Abyss
 43846 | Vaults:4 | Reached skill level 10 in Evocations
 44286 | Vaults:4 | Reached XP level 23. HP: 120/165 MP: 23/32
 45280 | Vaults:5 | Noticed an ancient lich
 45322 | Vaults:4 | Killed an ancient lich
 46253 | Vaults:5 | Found Josoecwu's General Store.
 46321 | Vaults:5 | Bought a scroll of magic mapping for 66 gold pieces
 46333 | Vaults:5 | Identified Kajal's Handbook of Intoxication and Execration
 46863 | Vaults:5 | Got a slimy platinum ring
 46865 | Vaults:5 | Identified the ring of Remugerch {rF+ rN+ Str+4 Int+3} (You
                  | found it on level 5 of the Vaults)
 46879 | Vaults:5 | Got a silver rune of Zot
 47042 | Vaults:5 | Identified the cursed +1 great sword of Discretion {flame,
                  | Fragile rC+ MP+9 Dex+2} (You found it on level 5 of the
                  | Vaults)
 47399 | Elf:3    | Entered Level 3 of the Elven Halls
 47857 | Elf:3    | Reached XP level 24. HP: 174/174 MP: 32/32
 47912 | Elf:3    | Identified the cursed +2 hand axe of Destiny {vamp, -Tele
                  | *Rage rF+++ rC+++}
 47930 | Elf:3    | Identified the ring "Ahuut" {rF+ rN++ Str+3 Int+2 Dex-2}
 48090 | Elf:3    | Identified the +6 quarterstaff of Zasiohew {holy, Fragile
                  | rPois rF++}
 48183 | Elf:3    | Got a slimy scale mail
 48184 | Elf:3    | Identified the +3 scale mail of the Lizard {rN+ rCorr} (You
                  | found it on level 3 of the Elven Halls)
 48187 | Elf:3    | Found Iligh's Weapon Shoppe.
 48630 | Elf:3    | Identified the +10 scimitar of Foul Odors {venom, Int+4
                  | Dex+4}
 48899 | Elf:3    | Identified the Almanac of the Fisher
 48906 | Elf:3    | Identified Sif Muna's Compendium of Floating Arcane Weapons
 48923 | Elf:3    | Identified the +1 robe of Huxzaepp {rElec}
 48988 | Elf:3    | Identified the Papyrus of Lightness and Cold
 49226 | Depths:1 | Entered Level 1 of the Depths
 49477 | Depths:1 | Found a gateway to Hell.
 50072 | Depths:1 | Noticed Magireb's ghost (adept VSGl)
 50073 | Depths:1 | Noticed a juggernaut
 50073 | Depths:1 | Noticed an ancient lich
 50177 | Depths:1 | Found a one-way gate leading to the halls of Pandemonium.
 50247 | Depths:1 | Found a runed translucent door.
 50694 | Depths:1 | Found a runed translucent door.
 51637 | Shoals:2 | Killed Uwaunt's ghost
 52515 | Depths:2 | Reached XP level 25. HP: 161/182 MP: 32/33
 52859 | Depths:2 | Identified the Almanac of Igneous Calling
 53580 | Depths:2 | Found a one-way gate to the infinite horrors of the Abyss.
 53902 | Depths:3 | Found a hide-covered altar of Uskayaw.
 54253 | Depths:3 | Noticed Frederick
 54284 | Depths:3 | Killed Frederick
 54778 | Depths:3 | Found a gateway to a ziggurat.
 55588 | Depths:4 | Reached skill level 15 in Invocations
 56162 | Depths:4 | Reached XP level 26. HP: 153/192 MP: 27/34
 57114 | Depths:5 | Entered Level 5 of the Depths
 57133 | Depths:5 | Paralysed by a floating eye for 4 turns
 57166 | Depths:4 | Paralysed by a floating eye for 4 turns
 57492 | Depths:5 | Found a gate to the Realm of Zot.
 57571 | Depths:5 | Reached skill level 27 in Fighting
 57952 | Depths:5 | Found the +27 Lear's hauberk
 58302 | Zot:1    | Entered Level 1 of the Realm of Zot
 59715 | Zot:2    | Reached XP level 27. HP: 154/199 MP: 21/35
 60929 | Zot:3    | Reached skill level 5 in Dodging
 62530 | Zot:4    | Found a glowing golden altar of the Shining One.
 63350 | Zot:5    | Entered Level 5 of the Realm of Zot
 64920 | Zot:5    | Reached skill level 15 in Evocations
 64923 | Zot:5    | Noticed an orb of fire
 65095 | Zot:4    | Lost mutation: You possess an exceptional clarity of mind.
                  | [an orb of fire]
 65099 | Zot:4    | Killed an orb of fire
 65180 | Zot:5    | Noticed an ancient lich
 65230 | Zot:4    | Killed an ancient lich
 65362 | Zot:5    | Noticed an orb of fire
 65369 | Zot:5    | Gained mutation: You are frail. (-10% HP) [an orb of fire]
 65374 | Zot:4    | Gained mutation: You are dopey. (Int -2) [an orb of fire]
 65383 | Zot:4    | Gained mutation: You are very frail. (-20% HP) [an orb of
                  | fire]
 65386 | Zot:4    | Gained mutation: Scrolls take you a little longer to read.
                  | [an orb of fire]
 65398 | Zot:4    | Gained mutation: Your magical capacity is low. (-10% MP)
                  | [an orb of fire]
 65411 | Zot:4    | Gained mutation: You can translocate small distances at
                  | will. [an orb of fire]
 65423 | Zot:4    | Gained mutation: Potions are less effective at restoring
                  | your health. [an orb of fire]
 65424 | Zot:4    | Gained mutation: You occasionally shout uncontrollably at
                  | your foes. [an orb of fire]
 65426 | Zot:4    | Killed an orb of fire
 65482 | Zot:4    | Lost mutation: You occasionally shout uncontrollably at
                  | your foes. [potion of mutation]
 65482 | Zot:4    | Lost mutation: Your muscles are strong. (Str +2) [potion of
                  | mutation]
 65482 | Zot:4    | Lost mutation: Your magical capacity is low. (-10% MP)
                  | [potion of mutation]
 65482 | Zot:4    | Lost mutation: You are very frail. (-20% HP) [potion of
                  | mutation]
 65582 | Zot:5    | Noticed an ancient lich
 65614 | Zot:4    | Killed an ancient lich
 65628 | Zot:5    | Noticed an orb of fire
 65631 | Zot:5    | Gained mutation: You do not regenerate when monsters are
                  | visible. [an orb of fire]
 66123 | Crypt:1  | Entered Level 1 of the Crypt
 66819 | Temple   | Entered the Ecumenical Temple
 67478 | Zot:5    | Gained mutation: Scrolls take you longer to read. [an orb
                  | of fire]
 67484 | Zot:5    | Killed an orb of fire
 67726 | Zot:5    | Noticed an orb of fire
 67732 | Zot:5    | Noticed an ancient lich
 67733 | Zot:5    | Gained mutation: You are weak. (Str -2) [an orb of fire]
 67733 | Zot:5    | Gained mutation: You are resistant to hostile enchantments.
                  | (MR+) [an orb of fire]
 67874 | Zot:4    | Gained mutation: Your spells are a little easier to cast,
                  | but a little less powerful. [an orb of fire]
 67883 | Zot:4    | Gained mutation: You are very frail. (-20% HP) [an orb of
                  | fire]
 67904 | Zot:4    | Gained mutation: Scrolls take you much longer to read. [an
                  | orb of fire]
 67917 | Zot:4    | Lost mutation: You are resistant to hostile enchantments.
                  | (MR+) [an orb of fire]
 67918 | Zot:4    | Gained mutation: Your spells are easier to cast, but less
                  | powerful. [an orb of fire]
 67926 | Zot:4    | Gained mutation: You are partially covered in molten
                  | scales. (AC +2) [an orb of fire]
 67938 | Zot:4    | Gained mutation: You are very weak. (Str -4) [an orb of
                  | fire]
 67945 | Zot:4    | Killed an orb of fire
 68231 | Zot:4    | Killed an ancient lich
 68384 | Zot:5    | Noticed an orb of fire
 68386 | Zot:5    | Gained mutation: You occasionally shout uncontrollably at
                  | your foes. [an orb of fire]
 68420 | Zot:5    | Killed an orb of fire
 68834 | Zot:5    | Noticed an orb of fire
 68866 | Zot:5    | Killed an orb of fire
 69037 | Zot:5    | Noticed an orb of fire
 69073 | Zot:5    | Killed an orb of fire
 69445 | Zot:5    | Reached skill level 27 in Armour
 69467 | Zot:5    | Noticed an orb of fire
 69500 | Zot:5    | Killed an orb of fire
 69670 | Zot:5    | Noticed an orb of fire
 69673 | Zot:5    | Gained mutation: You are very dopey. (Int -4) [an orb of
                  | fire]
 69688 | Zot:5    | Gained mutation: Your body sometimes deteriorates upon
                  | taking damage. [an orb of fire]
 69712 | Zot:5    | Gained mutation: Your body often deteriorates upon taking
                  | damage. [an orb of fire]
 69717 | Zot:5    | Gained mutation: Your spells are much easier to cast, but
                  | much less powerful. [an orb of fire]
 69958 | Zot:5    | Lost mutation: Scrolls take you much longer to read. [an
                  | orb of fire]
 69972 | Zot:5    | Gained mutation: Scrolls take you much longer to read. [an
                  | orb of fire]
 69992 | Zot:5    | Gained mutation: You are extremely frail. (-30% HP) [an orb
                  | of fire]
 69998 | Zot:5    | Gained mutation: You tend to lose your temper in combat.
                  | [an orb of fire]
 70000 | Zot:5    | Killed an orb of fire
 70874 | Slime:1  | Entered Level 1 of the Pits of Slime
 71027 | Lair:6   | Lost mutation: Your body often deteriorates upon taking
                  | damage. [a shining eye]
 71029 | Lair:6   | Lost mutation: You occasionally shout uncontrollably at
                  | your foes. [a shining eye]
 71035 | Lair:6   | Gained mutation: Your body often deteriorates upon taking
                  | damage. [a shining eye]
 71077 | Slime:1  | Gained mutation: Armour fits poorly on your strangely
                  | shaped body. [a shining eye]
 71082 | Slime:1  | Gained mutation: You are occasionally teleported next to
                  | monsters. [a shining eye]
 71605 | Slime:2  | Paralysed by a floating eye for 3 turns
 72117 | Slime:1  | Gained mutation: You are clumsy. (Dex -2) [a shining eye]
 73549 | Vaults:4 | Bought the ring "Olynn" {rF+ rN+ Str+7} for 974 gold pieces
 74487 | Slime:4  | Lost mutation: You are very weak. (Str -4) [a shining eye]
 74506 | Slime:3  | Reached skill level 10 in Dodging
 74530 | Slime:3  | Gained mutation: Your magical capacity is low. (-10% MP) [a
                  | shining eye]
 74539 | Slime:3  | Gained mutation: You are very weak. (Str -4) [a shining
                  | eye]
 74698 | Slime:5  | Entered Level 5 of the Pits of Slime
 75193 | Slime:5  | Lost mutation: Your spells are much easier to cast, but
                  | much less powerful. [a shining eye]
 75196 | Slime:5  | Gained mutation: You are very clumsy. (Dex -4) [a shining
                  | eye]
 75199 | Slime:5  | Gained mutation: You often lose your temper in combat. [a
                  | shining eye]
 75225 | Slime:5  | Noticed the Royal Jelly
 75280 | Slime:5  | Gained mutation: You have an uncontrollable temper. [a
                  | shining eye]
 75287 | Slime:5  | Gained mutation: Your spells are much easier to cast, but
                  | much less powerful. [a shining eye]
 75306 | Slime:5  | Gained mutation: Potions are poor at restoring your health.
                  | [a shining eye]
 75310 | Slime:5  | Gained mutation: You occasionally shout uncontrollably at
                  | your foes. [a shining eye]
 75896 | Slime:5  | Found a viscous altar of Jiyva.
 75904 | Slime:5  | Fell from the grace of Qazlal
 75904 | Slime:5  | Became a worshipper of Jiyva Jaem the Shapeless
 76974 | Crypt:1  | Reached * piety under Jiyva
 77214 | Vaults:2 | Reached ** piety under Jiyva
 77224 | Vaults:2 | Reached *** piety under Jiyva
 77226 | Vaults:2 | Lost mutation: You occasionally shout uncontrollably at
                  | your foes. [Jiyva's grace]
 77228 | Vaults:2 | Reached **** piety under Jiyva
 77233 | Vaults:2 | Gained mutation: You have acidic saliva. [Jiyva's grace]
 77538 | Vaults:3 | Reached ***** piety under Jiyva
 77539 | Vaults:3 | Lost mutation: Scrolls take you much longer to read.
                  | [Jiyva's power]
 77539 | Vaults:3 | Lost mutation: You are extremely frail. (-30% HP) [Jiyva's
                  | grace]
 77547 | Vaults:3 | Lost mutation: Your body often deteriorates upon taking
                  | damage. [Jiyva's power]
 77575 | Vaults:3 | Lost mutation: You have acidic saliva. [Jiyva's grace]
 77622 | Vaults:3 | Lost mutation: You are very clumsy. (Dex -4) [Jiyva's
                  | grace]
 77644 | Vaults:3 | Lost mutation: You have an uncontrollable temper. [Jiyva's
                  | grace]
 77698 | Vaults:3 | Gained mutation: Your translucent skin slightly reduces
                  | your foes' accuracy. (Stealth) [Jiyva's grace]
 77699 | Vaults:3 | Lost mutation: Your magical capacity is low. (-10% MP)
                  | [Jiyva's power]
 77921 | Vaults:4 | Lost mutation: You are very dopey. (Int -4) [Jiyva's power]
 77962 | Vaults:4 | Lost mutation: You often lose your temper in combat.
                  | [Jiyva's grace]
 77967 | Vaults:4 | Lost mutation: You are partially covered in molten scales.
                  | (AC +2) [Jiyva's grace]
 77969 | Vaults:4 | Lost mutation: Your body sometimes deteriorates upon taking
                  | damage. [Jiyva's grace]
 77971 | Vaults:4 | Reached ****** piety under Jiyva
 77973 | Vaults:4 | Lost mutation: You tend to lose your temper in combat.
                  | [Jiyva's grace]
 77977 | Vaults:4 | Lost mutation: You can translocate small distances at will.
                  | [Jiyva's grace]
 77983 | Vaults:4 | Lost mutation: Your translucent skin slightly reduces your
                  | foes' accuracy. (Stealth) [Jiyva's grace]
 78011 | Vaults:4 | Lost mutation: Scrolls take you longer to read. [Jiyva's
                  | grace]
 78047 | Vaults:4 | Lost mutation: Potions are poor at restoring your health.
                  | [Jiyva's power]
 78048 | Vaults:4 | Lost mutation: You are dopey. (Int -2) [Jiyva's power]
 78049 | Vaults:4 | Lost mutation: Scrolls take you a little longer to read.
                  | [Jiyva's power]
 78050 | Vaults:4 | Lost mutation: Potions are less effective at restoring your
                  | health. [Jiyva's power]
 78652 | Vaults:5 | Lost mutation: You are very weak. (Str -4) [Jiyva's grace]
 78660 | Vaults:5 | Gained mutation: You have a small jelly attached to you
                  | that senses nearby items. [Jiyva's grace]
 78669 | Vaults:5 | Lost mutation: You are very frail. (-20% HP) [Jiyva's
                  | grace]
 78701 | Vaults:5 | Lost mutation: You do not regenerate when monsters are
                  | visible. [Jiyva's power]
 78702 | Vaults:5 | Lost mutation: Your spells are much easier to cast, but
                  | much less powerful. [Jiyva's power]
 78703 | Vaults:5 | Lost mutation: Armour fits poorly on your strangely shaped
                  | body. [Jiyva's power]
 78731 | Vaults:5 | Gained mutation: You have a small jelly attached to you
                  | that may absorb incoming projectiles. [Jiyva's grace]
 78840 | Vaults:5 | Lost mutation: You are clumsy. (Dex -2) [Jiyva's power]
 78842 | Vaults:5 | Gained mutation: Armour fits poorly on your pseudopods.
                  | [Jiyva's grace]
 78843 | Vaults:5 | Lost mutation: You are frail. (-10% HP) [Jiyva's power]
 78851 | Vaults:5 | Lost mutation: Your spells are easier to cast, but less
                  | powerful. [Jiyva's grace]
 78979 | Vaults:5 | Lost mutation: You are weak. (Str -2) [Jiyva's power]
 79251 | Vaults:2 | Gained mutation: Your mind is acute. (Int +2) [Jiyva's
                  | grace]
 79428 | Vaults:2 | Gained mutation: Your mind is very acute. (Int +4) [Jiyva's
                  | grace]
 79449 | Vaults:1 | Lost mutation: Your spells are a little easier to cast, but
                  | a little less powerful. [Jiyva's power]
 79499 | Vaults:1 | Gained mutation: You possess an exceptional clarity of
                  | mind. [Jiyva's grace]
 79585 | Vaults:1 | Lost mutation: You are occasionally teleported next to
                  | monsters. [Jiyva's power]
 79593 | Vaults:1 | Gained mutation: Your body has grown golden eyes which may
                  | confuse attackers. (Acc +3) [Jiyva's grace]
 79607 | Vaults:1 | Gained mutation: Armour fits poorly on your strangely
                  | shaped body. [Jiyva's grace]
 79628 | Vaults:1 | Lost mutation: Armour fits poorly on your strangely shaped
                  | body. [Jiyva's power]
 79650 | D:14     | Gained mutation: Your translucent skin slightly reduces
                  | your foes' accuracy. (Stealth) [Jiyva's grace]
 79770 | D:13     | Gained mutation: You expend magic power (3 MP) to
                  | strengthen your wands. [Jiyva's grace]
 80357 | Crypt:1  | Reached skill level 1 in Spellcasting
 80622 | Crypt:1  | Gained mutation: You are somewhat resistant to further
                  | mutation. [Jiyva's grace]
 81122 | Crypt:1  | Gained mutation: Your body sometimes deteriorates upon
                  | taking damage. [Jiyva's grace]
 81634 | Crypt:2  | Lost mutation: Your body sometimes deteriorates upon taking
                  | damage. [Jiyva's power]
 82103 | Crypt:2  | Gained mutation: Your muscles are strong. (Str +2) [Jiyva's
                  | grace]
 82233 | Crypt:3  | Entered Level 3 of the Crypt
 82233 | Crypt:3  | Noticed Khufu
 82233 | Crypt:3  | Noticed a greater mummy
 82236 | Crypt:3  | Noticed a greater mummy
 82309 | Crypt:2  | Killed a greater mummy
 82463 | Crypt:3  | Gained mutation: You can translocate small distances at
                  | will. [Jiyva's grace]
 83004 | Depths:1 | Lost mutation: You can translocate small distances at will.
                  | [Jiyva's grace]
 83017 | Depths:1 | Lost mutation: Your mind is very acute. (Int +4) [Jiyva's
                  | grace]
 83310 | Zot:5    | Gained mutation: Your spells are a little harder to cast,
                  | but a little more powerful. [Jiyva's grace]
 83314 | Zot:5    | Reached skill level 5 in Spellcasting
 83452 | Zot:5    | Lost mutation: You have a small jelly attached to you that
                  | may absorb incoming projectiles. [Jiyva's grace]
 83656 | Depths:3 | Lost mutation: You expend magic power (3 MP) to strengthen
                  | your wands. [Jiyva's grace]
 83706 | Depths:1 | Lost mutation: You possess an exceptional clarity of mind.
                  | [Jiyva's grace]
 83975 | Crypt:3  | Lost mutation: Your muscles are strong. (Str +2) [Jiyva's
                  | grace]
 84230 | Crypt:3  | Killed Khufu
 84235 | Crypt:3  | Killed a greater mummy
 84659 | Crypt:3  | Found an ancient bone altar of Kikubaaqudgha.
 84948 | Crypt:3  | Gained mutation: Your rubbery body absorbs attacks. (AC +1,
                  | EV +1) [Jiyva's grace]
 85147 | Crypt:3  | Gained mutation: You are partially covered in yellow
                  | scales. (AC +2) [Jiyva's grace]
 85480 | Crypt:3  | Gained mutation: Your translucent skin reduces your foes'
                  | accuracy. (Stealth) [Jiyva's grace]
 85539 | Crypt:3  | Noticed Jory
 85541 | Crypt:3  | Found a staircase to the Tomb.
 85680 | Crypt:3  | Killed Jory
 85785 | Crypt:3  | Lost mutation: Your mind is acute. (Int +2) [Jiyva's grace]
 85918 | Tomb:1   | Entered Level 1 of the Tomb of the Ancients
 86674 | Tomb:1   | Noticed a greater mummy
 86804 | Tomb:1   | Killed a greater mummy
 86851 | Shoals:3 | Gained mutation: You are partially covered in large bone
                  | plates. (SH +4) [Jiyva's grace]
 87352 | Tomb:1   | Was forgiven by Qazlal
 87667 | Tomb:1   | Identified the +4 arbalest "GreyFruit's Regret" {velocity,
                  | Int+2 SInv}
 88342 | Depths:1 | Gained mutation: Armour fits poorly on your large
                  | pseudopods. [Jiyva's grace]
 88354 | Depths:1 | Gained mutation: Your muscles are strong. (Str +2) [Jiyva's
                  | grace]
 88365 | Hell     | Entered the Vestibule of Hell
 88365 | Hell     | Noticed Geryon
 88500 | Depths:1 | Gained mutation: Your mind is acute. (Int +2) [Jiyva's
                  | grace]
 88526 | Depths:1 | Killed a juggernaut
 88660 | Depths:1 | Killed Magireb's ghost
 88730 | Depths:1 | Killed an ancient lich
 88863 | Depths:1 | You are sucked into a shaft!
 88867 | Depths:2 | Lost mutation: Your translucent skin reduces your foes'
                  | accuracy. (Stealth) [Jiyva's grace]
 88943 | Depths:2 | Lost mutation: Your mind is acute. (Int +2) [Jiyva's grace]
 89013 | Depths:3 | Lost mutation: You are somewhat resistant to further
                  | mutation. [Jiyva's grace]
 89093 | Hell     | Killed Geryon
 89251 | Hell     | Found a gateway to the freezing wastes of Cocytus.
 89345 | Hell     | Lost mutation: Your rubbery body absorbs attacks. (AC +1,
                  | EV +1) [Jiyva's grace]
 89358 | Hell     | Gained mutation: You passively map a small area around you.
                  | [Jiyva's grace]
 89429 | Hell     | Found a gateway to the Iron City of Dis.
 89653 | Hell     | Found a gateway to the ashen valley of Gehenna.
 89796 | Hell     | Found a gateway to the decaying netherworld of Tartarus.
 90085 | Depths:3 | Lost mutation: You passively map a small area around you.
                  | [Jiyva's grace]
 90209 | Geh:1    | Entered Level 1 of Gehenna
 90300 | Geh:1    | Reached skill level 10 in Spellcasting
 90551 | Hell     | Lost mutation: Armour fits poorly on your large pseudopods.
                  | [Jiyva's grace]
 90726 | Depths:3 | Gained mutation: You are partially covered in icy blue
                  | scales. (AC +2) [Jiyva's grace]
 90866 | Depths:4 | Voluntarily entered the Abyss.
 90899 | Abyss:3  | Found a corrupted altar of Lugonu.
 90899 | Abyss:3  | Identified a scroll of acquirement
 90950 | Abyss:3  | Got an ichor-stained morningstar
 91299 | Abyss:3  | Gained mutation: You have a pair of small horns on your
                  | head. [Jiyva's grace]
 91305 | Abyss:3  | Identified the +1 morningstar of the Silent Majority
                  | {speed, rF++} (You found it on level 3 of the Abyss)
 91449 | Abyss:3  | Got a brightly glowing plate armour
 91459 | Abyss:4  | Found a corrupted altar of Lugonu.
 91591 | Abyss:4  | Found a corrupted altar of Lugonu.
 91628 | Abyss:4  | Found a corrupted altar of Lugonu.
 91640 | Abyss:4  | Got an abyssal rune of Zot
 91649 | Depths:4 | Escaped the Abyss
 91756 | Depths:5 | Identified the +8 plate armour of Repulsion {rC+ MP+9} (You
                  | found it on level 3 of the Abyss)
 91764 | Depths:4 | Lost mutation: Your spells are a little harder to cast, but
                  | a little more powerful. [Jiyva's grace]
 92197 | Slime:5  | Lost mutation: Your muscles are strong. (Str +2) [Jiyva's
                  | grace]
 92215 | Slime:5  | Got a slimy rune of Zot
 92222 | Slime:5  | Lost mutation: Armour fits poorly on your pseudopods.
                  | [Jiyva's grace]
 92236 | Slime:5  | Gained mutation: You have sharp fingernails. [Jiyva's
                  | grace]
 92256 | Slime:5  | Identified Sif Muna's Reference Book on Helpful Darkness
 92256 | Slime:5  | Lost mutation: You are partially covered in yellow scales.
                  | (AC +2) [Jiyva's grace]
 92275 | Slime:5  | Got a transparent mace
 92276 | Slime:5  | Identified the +9 mace "Vaetetum" {speed, MP+9} (You found
                  | it on level 5 of the Pits of Slime)
 92298 | Slime:5  | Identified the +10 arbalest of Dismay {elec, Str+5} (You
                  | found it on level 5 of the Pits of Slime)
 92540 | D:9      | Gained mutation: Your spells are a little harder to cast,
                  | but a little more powerful. [Jiyva's grace]
 92916 | Vaults:5 | Bought a wand of disintegration (6) for 190 gold pieces
 93129 | D:12     | Bought a fan of gales for 640 gold pieces
 93129 | D:12     | Bought a wand of acid (11) for 480 gold pieces
 93129 | D:12     | Bought a wand of clouds (4) for 384 gold pieces
 93889 | Geh:1    | Lost mutation: You have a pair of small horns on your head.
                  | [Jiyva's grace]
 94016 | Geh:1    | Gained mutation: Your spells are harder to cast, but more
                  | powerful. [Jiyva's grace]
 94204 | Geh:1    | Gained mutation: You are partially covered in rugged brown
                  | scales. (AC +1, +3% HP) [Jiyva's grace]
 94733 | Geh:2    | Lost mutation: Your body has grown golden eyes which may
                  | confuse attackers. (Acc +3) [Jiyva's grace]
 95663 | Geh:3    | Gained mutation: Your body sometimes deteriorates upon
                  | taking damage. [mutagenic glow]
 95706 | Geh:3    | Lost mutation: Your spells are harder to cast, but more
                  | powerful. [Jiyva's grace]
 96184 | Geh:3    | Gained mutation: Your rubbery body absorbs attacks. (AC +1,
                  | EV +1) [Jiyva's grace]
 96188 | Geh:3    | Gained mutation: You expend magic power (3 MP) to
                  | strengthen your wands. [Jiyva's grace]
 96189 | Geh:3    | Lost mutation: Your body sometimes deteriorates upon taking
                  | damage. [Jiyva's power]
 97666 | Geh:5    | Reached skill level 15 in Dodging
 97955 | Geh:5    | Lost mutation: You expend magic power (3 MP) to strengthen
                  | your wands. [Jiyva's grace]
 97975 | Geh:5    | Lost mutation: You have sharp fingernails. [Jiyva's grace]
 98035 | Geh:5    | Lost mutation: You are partially covered in icy blue
                  | scales. (AC +2) [Jiyva's grace]
 98545 | Geh:6    | Gained mutation: You are surrounded by a mild repulsion
                  | field. (EV +2) [Jiyva's grace]
 98588 | Geh:6    | Lost mutation: Your rubbery body absorbs attacks. (AC +1,
                  | EV +1) [Jiyva's grace]
 99591 | Geh:6    | Lost mutation: Your translucent skin slightly reduces your
                  | foes' accuracy. (Stealth) [Jiyva's grace]
 99950 | Geh:6    | Gained mutation: You expend magic power (3 MP) to
                  | strengthen your wands. [Jiyva's grace]
 99958 | Geh:6    | Gained mutation: Armour fits poorly on your strangely
                  | shaped body. [Jiyva's grace]
 99973 | Geh:7    | Entered Level 7 of Gehenna
100571 | Geh:7    | Gained mutation: Your muscles are strong. (Str +2) [Jiyva's
                  | grace]
100799 | Geh:7    | Identified the +7 hand axe of Popular Demand {flame, Int+3}
101001 | Geh:7    | Lost mutation: Armour fits poorly on your strangely shaped
                  | body. [Jiyva's power]
101027 | Zot:2    | Gained mutation: Your muscles are very strong. (Str +4)
                  | [Jiyva's grace]
101378 | Geh:7    | Found the +3 Elemental Staff {rElec rF++ rC++ MR++ AC+5}
101614 | Geh:7    | Identified the Incunabulum of Damaging Poisoning
101721 | Geh:7    | Identified the +7 sceptre of Asmodeus
101721 | Geh:7    | Noticed Asmodeus
101749 | Geh:7    | Gained mutation: You possess an exceptional clarity of
                  | mind. [Jiyva's grace]
101756 | Geh:7    | Lost mutation: You are partially covered in rugged brown
                  | scales. (AC +1, +3% HP) [Jiyva's grace]
101835 | Geh:7    | Killed from afar by a Brimstone Fiend

Skill      XL: |  1  2  3  4  5  6  7  8  9 10 11 12 13 14 15 16 17 18 19 20 21 22 23 24 25 26 27 |
---------------+----------------------------------------------------------------------------------+-----
Shields        | 4 5 6 8 9 11 12 13 15 17 18 | 18.5
Maces & Flails | 3 4 5 7 9 10 11 12 13 14 | 14.1
Fighting       | 4 5 6 7 8 9 10 11 13 16 18 19 20 21 22 23 24 25 26 27 | 27.0
Armour         | 4 5 6 7 8 9 11 13 14 16 17 18 19 20 21 22 23 27 | 27.0
Stealth        | 4 6 |  6.8
Invocations    | 2 5 8 9 11 12 13 14 15 16 19 | 19.8
Evocations     | 1 4 6 7 9 10 11 12 13 22 | 22.4
Dodging        | 1 3 16 | 16.4
Spellcasting   | 14 | 14.5
Unarmed Combat | |  0.9

Action                   |  1- 3 |  4- 6 |  7- 9 | 10-12 | 13-15 | 16-18 | 19-21 | 22-24 | 25-27 || total
-------------------------+-------+-------+-------+-------+-------+-------+-------+-------+-------++-------
Melee: Flail             |   155 |   275 |   555 |    11 |       |       |       |       |       ||   996
       Unarmed           |       |       |     3 |       |       |       |     4 |       |       ||     7
       Whip              |       |       |       |  1080 |  1856 |  2406 |  3538 |  3209 |  9433 || 21522
       Demon whip        |       |       |       |       |       |       |       |       |  2604 ||  2604
       Pseudopods        |       |       |       |       |       |       |       |       |  1603 ||  1603
       Headbutt          |       |       |       |       |       |       |       |       |   145 ||   145
Invok: Disaster Area     |       |       |       |       |       |       |       |     2 |     4 ||     6
       Cure Bad Mutation |       |       |       |       |       |       |       |       |    29 ||    29
       Request Jelly     |       |       |       |       |       |       |       |       |    15 ||    15
       Slimify           |       |       |       |       |       |       |       |       |     1 ||     1
 Abil: Fly               |       |       |       |       |       |     1 |       |       |       ||     1
Evoke: Wand              |       |       |       |       |       |       |       |       |    20 ||    20
       Horn of Geryon    |       |       |       |       |       |       |       |       |     3 ||     3
       Fan of gales      |       |       |       |       |       |       |       |       |     2 ||     2
       Box of beasts     |       |       |       |       |       |       |       |       |     1 ||     1
  Use: Potion            |     1 |       |     9 |       |       |       |       |     3 |    20 ||    33
       Scroll            |       |     4 |     2 |     9 |     5 |     3 |     8 |     9 |    35 ||    75
 Stab: Petrified         |       |       |       |    10 |     2 |       |       |       |     7 ||    19
       Paralysed         |       |       |       |     7 |       |       |       |       |       ||     7
       Petrifying        |       |       |       |     2 |       |       |       |       |     2 ||     4
       Confused          |       |       |       |       |       |       |       |       |    39 ||    39
       Distracted        |       |       |       |       |       |       |       |       |     1 ||     1
  Eat: Chunk             |     1 |     6 |    11 |    14 |    30 |    27 |    36 |    33 |    39 ||   197
       Ration            |       |       |       |     1 |       |     2 |     1 |     2 |    14 ||    20
Armor: Scale mail        |    37 |       |       |     1 |       |       |       |       |       ||    38
       Gold dragon scale |    80 |   314 |   324 |   312 |   493 |   928 |  1703 |  1200 |  4213 ||  9567
       Skin              |       |       |     4 |       |       |       |     1 |       |     1 ||     6
Dodge: Dodged            |    42 |    21 |    52 |    52 |   130 |   228 |   491 |   382 |  2518 ||  3916
       Deflected         |       |       |     2 |     6 |    10 |    44 |    20 |    32 |    84 ||   198
Block: Shield            |    78 |   224 |   377 |   608 |  1329 |  2183 |  3355 |  2690 |  9204 || 20048
       Other             |       |       |     2 |       |       |       |     3 |       |     3 ||     8
